 Dungeon Crawl Stone Soup version 0.24.1-4-ge52af88ad5 (webtiles) character file.

Game seed: 9029824636341268307, levelgen mode: deterministic

101277 Peloso the Peltast (level 15, 0/139 HPs)
             Began as a Minotaur Fighter on Apr 12, 2020.
             Was the Champion of Okawaru.
             Slain by a tyrant leech (21 damage)
             ... on level 1 of the Swamp.
             The game lasted 01:03:33 (22741 turns).

Peloso the Peltast (Minotaur Fighter)              Turns: 22741, Time: 01:03:34

Health: 0/139      AC: 22    Str: 32    XL:     15   Next: 82%
Magic:  15/15      EV: 11    Int:  7    God:    Okawaru [******]
Gold:   1988       SH: 21    Dex: 16    Spells: 14/14 levels left

rFire    + . .     SeeInvis +   B - +3 scimitar (flame)
rCold    + + +     Gourm    .   c - +0 shield "Negu" {rC+}
rNeg     + . .     Faith    .   s - +1 chain mail {rC+}
rPois    +         Spirit   .   (helmet restricted)
rElec    +         Reflect  +   D - +0 cloak
rCorr    +         Harm     .   y - +2 pair of gloves of the Sneaky Ships {rN+ MR+ Dex+4 SInv}
MR       +....                  W - -1 pair of boots of Gravity {*Drain MR- Str+7 Int+2}
Stlth    ..........             i - +4 amulet of reflection
HPRegen  0.33/turn              (no ring)
MPRegen  0.14/turn              w - +3 ring of slaying

@: resistant, grasped by roots, constricted
A: retaliatory headbutt, horns 2, talons 1, yellow scales 1
a: Heroism, Finesse, Renounce Religion


You were on level 1 of the Swamp.
You worshipped Okawaru.
Okawaru was exalted by your worship.
You were not hungry.

You visited 5 branches of the dungeon, and saw 25 of its levels.
You also visited: Volcano.

You collected 2516 gold pieces.
You spent 528 gold pieces at shops.

Inventory:

Hand Weapons
 a - the +7 scimitar of Pomom {drain, rElec rC+ Str+2}
   (Okawaru gifted it to you on level 15 of the Dungeon)

   A truly terrible weapon, it drains the life of those it strikes.
   It affects your strength (+2).
   It protects you from cold.
   It insulates you from electricity.
 b - a +2 demon blade of electrocution
 B - a +3 scimitar of flaming (weapon)
Armour
 c - the +0 shield "Negu" (worn) {rC+}
   (Okawaru gifted it to you on level 12 of the Dungeon)

   It protects you from cold.
 s - a +1 chain mail of cold resistance (worn)
 y - the +2 pair of gloves of the Sneaky Ships (worn) {rN+ MR+ Dex+4 SInv}
   (Okawaru gifted it to you on level 3 of the Lair of Beasts)

   It affects your dexterity (+4).
   It protects you from negative energy.
   It affects your resistance to hostile enchantments.
   It lets you see invisible.
 D - a +0 cloak (worn)
 W - the -1 pair of boots of Gravity (worn) {*Drain MR- Str+7 Int+2}
   (Okawaru gifted it to you on level 13 of the Dungeon)

   It affects your strength (+7).
   It affects your intelligence (+2).
   It affects your resistance to hostile enchantments.
   It causes draining when unequipped.
Jewellery
 i - a +4 amulet of reflection (around neck)
 l - a cursed -3 ring of evasion
 n - an uncursed ring of wizardry
 t - a ring "Taydire" {*Tele *Contam rF+ Dex+4 SInv, unknown}
   (You found it on level 15 of the Dungeon)

   [ring of teleportation]

   It may teleport you next to monsters.
   It affects your dexterity (+4).
   It protects you from fire.
   It lets you see invisible.
   It causes magical contamination when unequipped.
 w - a +3 ring of slaying (right hand)
 x - an uncursed ring of see invisible
 A - an uncursed ring of ice
 E - an uncursed ring of protection from fire
 F - a +2 ring of strength
 H - an uncursed ring of flight
Wands
 e - a wand of iceblast (9)
 h - a wand of random effects (18)
 m - a wand of polymorph (2)
Scrolls
 j - 3 scrolls of identify
 k - 2 scrolls of fear
 p - 12 scrolls of remove curse
 q - 12 scrolls of teleportation
 v - 7 scrolls of blinking
 I - a scroll of fog
 J - 5 scrolls of magic mapping
Potions
 d - 2 potions of might
 g - 2 potions of agility
 o - 5 potions of heal wounds
 r - a potion of cancellation
 z - 2 potions of curing
 N - a potion of resistance
 R - a potion of flight
 S - 2 potions of haste
 T - 4 potions of berserk rage
Comestibles
 f - 38 rations


   Skills:
 + Level 14.5 Fighting
 + Level 16.7 Long Blades
 + Level 14.3 Armour
 + Level 7.2 Dodging
 + Level 3.7 Stealth
 + Level 18.3 Shields
 + Level 2.4 Invocations


You had 14 spell levels left.
You didn't know any spells.
Your spell library contained the following spells:

 Spells                   Type           Power        Failure   Level  Hunger
 Corona                   Hex            #......      82%         1    ##.....
 Magic Dart               Conj           #...         82%         1    ##.....
 Shock                    Conj/Air       #...         82%         1    ##.....
 Summon Small Mammal      Summ           #...         82%         1    ##.....
 Blink                    Tloc           N/A          91%         2    ###....
 Call Imp                 Summ           #.......     91%         2    ###....
 Ensorcelled Hibernation  Hex/Ice        #.....       91%         2    ###....
 Passwall                 Tmut/Erth      #.......     91%         2    ###....
 Searing Ray              Conj           #.....       91%         2    ###....
 Slow                     Hex            #.......     91%         2    ###....
 Swiftness                Chrm/Air       #.......     91%         2    ###....
 Throw Frost              Conj/Ice       #.....       91%         2    ###....
 Call Canine Familiar     Summ           #.......     99%         3    ####...
 Confuse                  Hex            #.......     99%         3    ####...
 Conjure Flame            Conj/Fire      #.......     99%         3    ####...
 Dazzling Spray           Conj/Hex       #.....       99%         3    ####...
 Mephitic Cloud           Conj/Pois/Air  #.......     99%         3    ####...
 Ozocubu's Armour         Chrm/Ice       #.......     99%         3    ####...
 Static Discharge         Conj/Air       #.......     99%         3    ####...
 Summon Guardian Golem    Hex/Summ       #.......     99%         3    ####...
 Tukima's Dance           Hex            #.......     99%         3    ####...
 Airstrike                Air            #.........   100%        4    #####..
 Cause Fear               Hex            #.........   100%        4    #####..
 Force Lance              Conj/Tloc      #.......     100%        4    #####..
 Fulminant Prism          Conj/Hex       #.........   100%        4    #####..
 Iskenderun's Mystic Bla  Conj           #.......     100%        4    #####..
 Passage of Golubria      Tloc           N/A          100%        4    #####..
 Summon Ice Beast         Ice/Summ       #.......     100%        4    #####..
 Summon Lightning Spire   Summ/Air       #.......     100%        4    #####..
 Lee's Rapid Deconstruct  Erth           #.........   100%        5    ######.
 Lightning Bolt           Conj/Air       #.........   100%        5    ######.
 Silence                  Hex/Air        #.........   100%        5    ######.
 Yara's Violent Unravell  Hex/Tmut       #.........   100%        5    ######.
 Darkness                 Hex            #.........   100%        6    #######
 Deflect Missiles         Chrm/Air       #.........   100%        6    #######
 Invisibility             Hex            #.......     100%        6    #######
 Discord                  Hex            #.........   100%        8    #######


Dungeon Overview and Level Annotations

Branches:
Dungeon (15/15)            Temple (1/1) D:4            Lair (6/6) D:9
  Swamp (1/4) Lair:2        Snake (0/4) Lair:2        Slime (0/5) Lair:5
    Orc (2/2) D:12            Elf (0/3) Orc:2        Vaults (0/5) D:14
 Depths (0/5) D:15        Volcano (visited)

Altars:
Ashenzari
Dithmenos
Fedhas
Gozag
Kikubaaqudgha
Makhleb
Nemelex Xobeh
Okawaru
Qazlal
Ru
Sif Muna
Trog
Uskayaw
Vehumet
Wu Jian
Xom
Zin
The Shining One
Jiyva

Shops:
D:7 *   Orc:2 [[(=%

Annotations:
D:14 1 runed translucent door, Baucoxas's ghost, journeyman OgTm
Lair:5 exclusion: 3 oklob plants


Innate Abilities, Weirdness & Mutations

You reflexively headbutt those who attack you in melee.
You have a pair of horns on your head.
You have sharp toenails.
You are partially covered in yellow scales. (AC +2)


Message History

You feel very sick.
Unknown command.
You feel better.
You are engulfed in poison gas.
You are poisoned.
* * * LOW HITPOINT WARNING * * *
You feel sick. You block the tyrant leech's attack.
Roots burst forth from the earth!
The grasping roots grab you! The grasping roots constrict you.
You feel protected.
You feel sick. You block the tyrant leech's attack.
You block the shambling mangrove's attack.
* * * LOW HITPOINT WARNING * * *
The grasping roots constrict you!
You feel better.
You block the four-headed hydra's attack. x2
The four-headed hydra bites you but does no damage.
You block the four-headed hydra's attack.
The tyrant leech bites you!!
You die...

♣≈≈≈.≈≈≈....
♣^≈≈§≈≈≈≈.≈♣
♣≈.≈≈≈≈≈≈.♣ .
♣≈.≈≈≈≈≈.♣ ...
♣§.≈≈≈≈.♣
≈.≈§♣♣♣♣≈.≈≈≈≈.♣
≈≈≈≈..≈≈≈○≈≈≈♣
≈....nD@..[..♣♣♣♣♣
≈...≈wwf≈††..(≈♣≈♣♣♣
≈.≈≈≈..≈≈..≈≈≈≈...≈♣
....♣♣≈≈♣.≈≈≈≈≈...≈♣
§.♣♣≈≈.≈♣≈.≈.....≈.♣
. ♣..≈....♣≈.≈≈.....
.♣≈..≈≈♣♣≈....♣♣♣
♣♣.≈≈.♣♣.≈...♣
♣♣♣♣.†.♣♣.≈≈♣


You could see a shambling mangrove, a four-headed hydra, a tyrant leech, a bog
body and a swamp worm.

Vanquished Creatures
  Nessos (Orc:2)
  The ghost of duckroller the Severer, a journeyman HOMo of Beogh (Orc:1)
  Erolcha (Orc:1)
  A fire dragon (D:14)
  5 ogre magi
  11 hydras
  2 vault guards (D:14)
  2 catoblepae
  2 death knights
  5 centaur warriors
  6 death yaks (Lair:6)
  19 two-headed ogres
  An alligator (Swamp:1)
  Erica (D:9)
  A deep troll shaman (Lair:6)
  Urug (D:9)
  2 tengu warriors
  A skeletal warrior (D:15)
  A hell knight (Volcano)
  2 swamp dragons (Swamp:1)
  2 wizards (D:15)
  An orc knight (Orc:1)
  Pikel (D:4)
  A necromancer (Lair:3)
  12 ugly things
  4 orc sorcerers
  A deep elf mage (D:15)
  5 cyclopes
  A manticore (D:15)
  6 salamanders (Volcano)
  4 black mambas
  11 elephants
  3 gargoyles
  3 centaur skeletons
  9 spiny frogs
  2 freezing wraiths (D:15)
  5 komodo dragons
  A rime drake (Lair:1)
  A queen bee (shapeshifter) (D:13)
  3 trolls
  A meliai (D:13)
  Prince Ribbit (D:9)
  4 polar bears
  2 tyrant leeches (Swamp:1)
  A harpy skeleton (D:14)
  13 hippogriffs
  4 blink frogs (Lair:5)
  A meliai zombie (D:15)
  9 slime creatures
  A hippogriff (shapeshifter) (D:14)
  A shadow (D:15)
  2 wyverns
  A wraith (D:13)
  9 humans (D:14)
  A spriggan (D:8)
  30 yaks
  A basilisk (D:15)
  6 vampire mosquitoes
  3 hungry ghosts
  A soldier ant (shapeshifter) (D:13)
  2 wargs (Orc:1)
  A swamp worm (Swamp:1)
  14 water moccasins
  Duvessa (D:7)
  5 porcupines
  A swamp drake (Swamp:1)
  2 sky beasts
  2 black bears
  9 orc warriors
  6 ice beasts
  2 eyes of draining
  4 necrophages
  A hornet zombie (D:15)
  2 phantoms
  6 wolves (Lair:6)
  31 ogres
  8 centaurs
  10 crocodiles
  2 big kobolds
  17 bullfrogs
  A wyvern zombie (D:13)
  Dowan (D:7)
  2 wyvern skeletons
  5 scorpions
  18 wights
  6 killer bees
  2 howler monkeys
  11 crimson imps
  7 centaur zombies
  3 bullfrog zombies
  3 jellies
  A bullfrog skeleton (D:7)
  13 orc priests
  3 hounds
  3 iguanas
  10 worker ants
  20 orc wizards
  Terence (D:3)
  2 yak simulacra (Lair:3)
  3 polar bear simulacra (Lair:3)
  A killer bee zombie (D:10)
  4 wolf simulacra (Lair:3)
  3 hound zombies
  2 hound skeletons
  A howler monkey zombie (D:6)
  19 adders
  3 gnolls (D:5)
  4 shadow imps
  2 oozes
  3 worms
  3 dart slugs
  4 leopard geckos
  58 orcs
  5 ball pythons
  8 bats
  3 giant cockroaches
  12 goblins
  9 hobgoblins
  6 jackals
  15 kobolds
  5 quokkas
  5 frilled lizards
  A giant cockroach zombie (D:6)
  2 jackal skeletons
  2 quokka skeletons
  10 rats
  2 river rat simulacra (Lair:3)
667 creatures vanquished.

Vanquished Creatures (others)
  A centaur warrior (D:15)
  Sonja (D:10)
  A human (D:14)
  An ogre (Orc:2)
  4 centaurs
  2 fungi
  2 plants (Lair:4)
12 creatures vanquished.

Grand Total: 679 creatures vanquished

Notes
Turn   | Place    | Note
-------+----------+-------------------------------------------
     0 | D:1      | Peloso the Minotaur Fighter began the quest for the Orb.
     0 | D:1      | Reached XP level 1. HP: 19/19 MP: 0/0
    50 | D:1      | Reached XP level 2. HP: 25/27 MP: 1/1
    92 | D:1      | Reached skill level 4 in Shields
   306 | D:1      | Reached XP level 3. HP: 28/33 MP: 2/2
   538 | D:1      | Gained mutation: You are partially covered in yellow
                  | scales. (AC +2) [potion of mutation]
   538 | D:1      | Gained mutation: You have sharp toenails. [potion of
                  | mutation]
   694 | D:2      | Found a shimmering blue altar of Sif Muna.
  1150 | D:2      | Reached XP level 4. HP: 41/41 MP: 3/3
  1267 | D:2      | Found a sparkling altar of Nemelex Xobeh.
  1268 | D:2      | Found an opulent altar of Gozag.
  1297 | D:3      | Noticed Terence
  1309 | D:3      | Killed Terence
  1448 | D:3      | Reached skill level 1 in Dodging
  1603 | D:3      | Reached XP level 5. HP: 47/47 MP: 4/4
  1647 | D:3      | Noticed an ice beast
  1660 | D:3      | Killed an ice beast
  1744 | D:3      | Reached skill level 5 in Shields
  1837 | D:4      | Reached skill level 5 in Fighting
  1843 | D:4      | Reached XP level 6. HP: 49/56 MP: 5/5
  2211 | D:4      | Reached skill level 5 in Long Blades
  2221 | D:4      | Reached skill level 6 in Shields
  2221 | D:4      | Reached XP level 7. HP: 57/61 MP: 6/6
  2569 | D:4      | Found a staircase to the Ecumenical Temple.
  2649 | Temple   | Entered the Ecumenical Temple
  2764 | Temple   | Became a worshipper of Warmaster Okawaru
  2850 | D:5      | Entered Level 5 of the Dungeon
  2993 | D:5      | Found a stormy altar of Qazlal.
  3004 | D:5      | Reached skill level 5 in Armour
  3011 | D:5      | Reached * piety under Okawaru
  3168 | D:5      | Found an ancient bone altar of Kikubaaqudgha.
  3169 | D:5      | Found an ornate altar of the Wu Jian Council.
  3169 | D:5      | Found a shattered altar of Ashenzari.
  3175 | D:5      | Reached XP level 8. HP: 63/70 MP: 7/7
  3178 | D:5      | Reached skill level 7 in Shields
  3181 | D:5      | Found a shimmering altar of Xom.
  3181 | D:5      | Found a sacrificial altar of Ru.
  3356 | D:6      | Noticed Pikel
  3393 | D:4      | Killed Pikel
  3393 | D:4      | Reached ** piety under Okawaru
  3393 | D:4      | Reached skill level 8 in Shields
  3747 | D:6      | Reached XP level 9. HP: 73/74 MP: 8/8
  3910 | D:6      | Reached *** piety under Okawaru
  4384 | D:7      | Found a bloodstained altar of Trog.
  4606 | D:7      | Noticed Duvessa
  4617 | D:7      | Noticed Dowan
  4621 | D:7      | Killed Duvessa
  4621 | D:7      | Reached skill level 9 in Shields
  4627 | D:7      | Killed Dowan
  4705 | D:7      | Found Zenuico's Assorted Antiques.
  5446 | D:8      | Reached skill level 10 in Long Blades
  5792 | D:8      | Found a burning altar of Makhleb.
  5793 | D:8      | Found a radiant altar of Vehumet.
  6016 | D:9      | Reached **** piety under Okawaru
  6025 | D:9      | Found a staircase to the Lair.
  6066 | D:9      | Noticed Prince Ribbit
  6107 | D:9      | Killed Prince Ribbit
  6107 | D:9      | Reached XP level 10. HP: 81/86 MP: 9/9
  6155 | D:9      | Noticed Erica
  6163 | D:9      | Killed Erica
  6163 | D:9      | Reached skill level 10 in Shields
  6637 | D:9      | Reached skill level 1 in Stealth
  6709 | D:10     | Entered Level 10 of the Dungeon
  6709 | D:10     | Found Veridy Qirurph's Magic Scroll Boutique.
  6709 | D:10     | Noticed Urug
  6821 | D:9      | Reached skill level 1 in Invocations
  7045 | D:9      | Killed Urug
  7045 | D:9      | Reached ***** piety under Okawaru
  7079 | D:10     | Reached skill level 11 in Shields
  7336 | D:10     | Reached XP level 11. HP: 95/95 MP: 10/10
  7478 | D:10     | Noticed Sonja
  7483 | D:10     | Killed Sonja
  7764 | D:11     | Noticed a two-headed ogre
  7771 | D:11     | Killed a two-headed ogre
  8295 | D:12     | Noticed a green ugly thing
  8302 | D:12     | Killed a green ugly thing
  8407 | D:12     | Received a gift from Okawaru
  8428 | D:12     | Got a distressingly furry shield {god gift}
  8434 | D:12     | Identified the +0 shield "Negu" {rC+} (Okawaru gifted it to
                  | you on level 12 of the Dungeon)
  8460 | D:12     | Found a staircase to the Orcish Mines.
  8474 | D:12     | Reached skill level 12 in Shields
  8559 | D:12     | Reached skill level 10 in Armour
  8897 | D:12     | Identified Uxiwaos's Compendium of Congealing Lightness
  9371 | Lair:1   | Entered Level 1 of the Lair of Beasts
  9553 | Lair:1   | HP: 3/97 [black mamba (12)]
  9564 | Lair:1   | HP: 4/97 [poisoned by a black mamba]
  9569 | Lair:1   | HP: 3/97 [poisoned by a black mamba]
  9574 | Lair:1   | HP: 2/97 [poisoned by a black mamba]
  9581 | Lair:1   | HP: 2/97 [poisoned by a black mamba]
  9589 | Lair:1   | HP: 2/97 [poisoned by a black mamba]
 10415 | Lair:2   | Found a staircase to the Snake Pit.
 10895 | Lair:2   | Found a staircase to the Swamp.
 10970 | Lair:2   | Reached XP level 12. HP: 106/106 MP: 11/11
 11671 | Lair:3   | Noticed a five-headed hydra
 11674 | Lair:3   | Received a gift from Okawaru
 11679 | Lair:3   | Killed a two-headed hydra
 11679 | Lair:3   | Reached skill level 13 in Shields
 11698 | Lair:3   | Got a pair of shimmering gloves {god gift}
 11709 | Lair:3   | Identified the +2 pair of gloves of the Sneaky Ships {rN+
                  | MR+ Dex+4 SInv} (Okawaru gifted it to you on level 3 of the
                  | Lair of Beasts)
 11727 | Lair:3   | Reached skill level 10 in Fighting
 11943 | Lair:3   | Reached skill level 5 in Dodging
 13269 | Orc:1    | Entered Level 1 of the Orcish Mines
 13269 | Orc:1    | Noticed Erolcha
 13275 | Orc:1    | Killed Erolcha
 13384 | Orc:1    | Found a large runed translucent door.
 13384 | Orc:1    | Found a large runed translucent door.
 13479 | Orc:1    | Noticed duckroller's ghost (journeyman HOMo)
 13509 | Orc:1    | Received a gift from Okawaru
 13509 | Orc:1    | Reached skill level 14 in Shields
 13516 | Orc:1    | Got a crystal triple sword {god gift}
 13517 | Orc:1    | Identified the +5 triple sword of Okawaru's Castigation
                  | {flame, +Blink rF+ Str+8 Dex-5} (Okawaru gifted it to you
                  | on level 1 of the Orcish Mines)
 14094 | Orc:2    | Entered Level 2 of the Orcish Mines
 14097 | Orc:2    | Found Bucublez's Food Shoppe.
 14153 | Orc:2    | Reached XP level 13. HP: 114/114 MP: 13/13
 14185 | Orc:2    | Found a staircase to the Elven Halls.
 14338 | Orc:2    | Found Binaan's Antique Weapon Emporium.
 14338 | Orc:2    | Found Waheah's Armour Boutique.
 14487 | Orc:1    | Reached ****** piety under Okawaru
 15061 | Orc:2    | Noticed Nessos
 15384 | Orc:1    | Reached skill level 15 in Shields
 15765 | Orc:2    | Received a gift from Okawaru
 15767 | Orc:2    | Reached skill level 15 in Long Blades
 15774 | Orc:2    | Killed Nessos
 15886 | Orc:2    | Found Mimaosoc's Jewellery Shop.
 15886 | Orc:2    | Found Pivvanot's Armour Emporium.
 15905 | Orc:2    | Got a spiked buckler {god gift}
 15911 | Orc:2    | Identified the -3 buckler "Wubauriv" {rElec} (Okawaru
                  | gifted it to you on level 2 of the Orcish Mines)
 15941 | Orc:2    | Bought a cursed amulet of inaccuracy for 24 gold pieces
 16330 | Orc:1    | Killed duckroller's ghost
 16423 | Orc:2    | Bought a glowing demon blade for 504 gold pieces
 16660 | Lair:5   | Reached XP level 14. HP: 75/125 MP: 14/14
 16684 | Lair:5   | Found a dark tunnel.
 16691 | Volcano  | Entered a volcano
 17215 | Lair:5   | Found a runed translucent door.
 17215 | Lair:5   | Found a viscous altar of Jiyva.
 17218 | Lair:5   | Found a staircase to the Slime Pits.
 17723 | D:13     | Reached skill level 16 in Shields
 18276 | D:13     | Received a gift from Okawaru
 18283 | D:13     | Got a pair of transparent boots {god gift}
 18291 | D:13     | Identified the -1 pair of boots of Gravity {*Drain MR-
                  | Str+7 Int+2} (Okawaru gifted it to you on level 13 of the
                  | Dungeon)
 18911 | D:14     | Found a runed translucent door.
 18913 | D:14     | Noticed Baucoxas's ghost (journeyman OgTm)
 18913 | D:14     | Noticed a fire giant
 19077 | D:14     | Reached skill level 17 in Shields
 19103 | D:14     | Found a gate to the Vaults.
 19412 | D:15     | Entered Level 15 of the Dungeon
 19949 | Lair:6   | Entered Level 6 of the Lair of Beasts
 20294 | Lair:6   | Received a gift from Okawaru
 20294 | Lair:6   | Reached XP level 15. HP: 103/136 MP: 15/15
 20299 | Lair:6   | Got a spiked hat {god gift}
 20305 | Lair:6   | Identified the -5 hat of the Unseen Realm {Regen+} (Okawaru
                  | gifted it to you on level 6 of the Lair of Beasts)
 21336 | Lair:6   | Got an iridescent executioner's axe
 21337 | Lair:6   | Identified the +4 executioner's axe "Eschonga" {venom,
                  | Str+4 Int+7} (You found it on level 6 of the Lair of
                  | Beasts)
 22071 | D:15     | Reached skill level 18 in Shields
 22156 | D:15     | Got a smoking lapis lazuli ring
 22213 | D:15     | Received a gift from Okawaru
 22398 | D:15     | Paralysed by an orc sorcerer for 5 turns
 22427 | D:15     | Found a staircase to the Depths.
 22429 | D:15     | Received a gift from Okawaru
 22453 | D:15     | Got a pitted scimitar {god gift}
 22454 | D:15     | Identified the +7 scimitar of Pomom {drain, rElec rC+
                  | Str+2} (Okawaru gifted it to you on level 15 of the
                  | Dungeon)
 22678 | Swamp:1  | Entered Level 1 of the Swamp
 22741 | Swamp:1  | Slain by a tyrant leech

Levels and vault maps discovered:
D:1:      minmay_arrival_hallway, layout_basic, minmay_heptomino_h4
D:2:      layout_loops_ring, grunt_temple_overflow_opulence, first_ration,
          led_sif_pool
D:3:      layout_basic, minmay_randomly_rotated_circles, uniq_terence
D:4:      layout_gridville, minmay_temple_entry_antechambers,
          guppyfry_early_lair_pool
D:5:      layout_rooms, grunt_temple_overflow_open, minmay_ruined_shrine
D:6:      layout_basic, uniq_pikel
D:7:      layout_loops_corners, basic_altar, serial_shops, shop, uniq_duvessa
D:8:      layout_cave_pods, grunt_temple_overflow_lords_of_destruction,
          the_bakery
D:9:      layout_loops_cross, lair_entry_dummy, uniq_erica, uniq_prince_ribbit1
D:10:     layout_cave_pools, serial_shops, nicolae_shop_stone, uniq_sonja,
          uniq_urug
D:11:     layout_loops_ring
D:12:     layout_rooms, erik_orc_3, minmay_orc_keep
D:13:     layout_rooms, small_chamber_with_monster, minmay_misc_feat_diagonals,
          minmay_misc_feat_more_columns, grunt_ministairs_2,
          minmay_fractal_squares_gapless_7
D:14:     layout_loops_ring, ximxim_vaults_locker_room,
          ebering_ghost_inner_flame, hangedman_abyss_or_decor_passed,
          chequers_garden
D:15:     grunt_enter_depths_magical_seal, layout_loops_ring
Temple:   nicolae_temple_figure_eight
Lair:1:   layout_hall_layers, beast_lair_carwin_7
Lair:2:   layout_cave_pods, swamp_mist, minmay_snake_entry_six_corridors
Lair:3:   layout_concentric_octagons, eino_house_with_fridge,
          serial_bayou_shore_a
Lair:4:   layout_small_grid, grunt_megastairs_2, lemuel_fruit_tree
Lair:5:   layout_regular_city, slime_altar_2, nicolae_volcano_entry_s_turn,
          grunt_megastairs_3, minmay_lair_oklob_chamber
Lair:6:   grunt_lair_end_beastmaster, layout_regular_city
Swamp:1:  layout_basic_swamp, evilmike_swamp_ruin_house_3, swamp_pool4
Orc:1:    layout_caves, ebering_ghost_disaster_area, uniq_erolcha
Orc:2:    st_orc_ogre_mass, layout_caves, serial_shops, nicolae_shop_trees,
          uniq_nessos

Skill      XL: |  1  2  3  4  5  6  7  8  9 10 11 12 13 14 15 |
---------------+----------------------------------------------+-----
Fighting       | 4 5 6 7 8 9 10 11 13 14 | 14.5
Shields        | 4 5 6 8 9 11 12 14 15 17 18 | 18.3
Armour         | 4 5 6 8 9 10 11 13 14 | 14.3
Long Blades    | 3 4 5 6 8 10 11 13 14 15 16 | 16.7
Dodging        | 1 2 3 4 5 6 7 |  7.2
Stealth        | 1 2 3 |  3.7
Invocations    | 1 2 |  2.4

Action                   |  1- 3 |  4- 6 |  7- 9 | 10-12 | 13-15 || total
-------------------------+-------+-------+-------+-------+-------++-------
Melee: Long sword        |    89 |   103 |   232 |    12 |       ||   436
       Headbutt          |    11 |    16 |    42 |   103 |   264 ||   436
       Kick              |     3 |    32 |    85 |   212 |   146 ||   478
       Scimitar          |       |       |       |   517 |   413 ||   930
       Demon blade       |       |       |       |       |   346 ||   346
Invok: Heroism           |       |       |     1 |     6 |     3 ||    10
Evoke: Wand              |       |       |       |     1 |       ||     1
  Use: Potion            |     5 |       |     2 |     5 |     3 ||    15
       Scroll            |       |       |     9 |    12 |     8 ||    29
 Stab: Petrified         |       |       |       |       |     7 ||     7
  Eat: Chunk             |       |     4 |     8 |    18 |    18 ||    48
       Ration            |       |       |     2 |     2 |     3 ||     7
Armor: Scale mail        |    47 |    10 |       |       |       ||    57
       Chain mail        |       |    84 |    79 |   151 |   243 ||   557
Dodge: Dodged            |    18 |    46 |    57 |   119 |   204 ||   444
Block: Shield            |    58 |   114 |   149 |   462 |   618 ||  1401
       Reflection        |       |     2 |     9 |    19 |    36 ||    66
       Other             |       |       |       |     1 |       ||     1
       Rpst.: Long sword |     6 |     8 |    17 |       |       ||    31
       Scimitar          |       |       |       |    28 |    30 ||    58
       Demon blade       |       |       |       |       |    10 ||    10
